 Dungeon Crawl Stone Soup version 0.18.1-48-g4cf74bf (webtiles) character file.

872 Whisper the Firebug (level 8, -1/41 HPs)
             Began as a Kobold Fire Elementalist on Sept 7, 2016.
             Killed from afar by Dowan (7 damage)
             ... with a stone arrow
             ... on level 4 of the Dungeon on Sept 11, 2016.
             The game lasted 00:41:01 (3212 turns).

Whisper the Firebug (Kobold Fire Elementalist)      Turns: 3212, Time: 00:41:01

Health: -1/41      AC:  2    Str:  7    XL:     8   Next: 24%
Magic:  3/16       EV: 15    Int: 15    God:
Gold:   184        SH:  0    Dex: 16    Spells: 4 memorised, 8 levels left

rFire  . . .     SeeInvis .     w - +0 trident
rCold  . . .     Gourm    .     a - +0 robe
rNeg   . . .     Faith    .     (shield currently unavailable)
rPois  .         Spirit   .     (no helmet)
rElec  .         Dismiss  .     (no cloak)
rCorr  .         Reflect  .     (no gloves)
SustAt .         Harm     .     (no boots)
MR     .....                    j - amulet of magic regeneration
Stlth  ++........               (no ring)
                                (no ring)

@: very slightly contaminated, not resistant to hostile enchantments, unstealthy
A: carnivore 3
a: no special abilities


You were on level 4 of the Dungeon.
You were very full.

You visited 1 branch of the dungeon, and saw 4 of its levels.

You collected 184 gold pieces.

Inventory:

Hand Weapons
 p - a +0 long sword
 v - a +0 short sword
 w - a +0 trident (weapon)
Armour
 a - a +0 robe (worn)
 f - a +0 shield
 m - a cursed -2 leather armour
Jewellery
 j - an amulet of magic regeneration (around neck)
Wands
 s - a wand of random effects (25/48)
Scrolls
 d - a scroll of random uselessness {unknown}
 e - 2 scrolls of amnesia {unknown}
 h - 2 scrolls of remove curse {unknown}
 i - 6 scrolls of teleportation {unknown}
 o - 4 scrolls of identify {unknown}
 q - 2 scrolls of magic mapping {unknown}
 r - 2 scrolls of enchant weapon {unknown}
 u - 2 scrolls of blinking {unknown}
Potions
 l - 4 potions of curing {unknown}
 t - a potion of cure mutation {unknown}
 x - 2 potions of agility {unknown}
 z - a potion of lignification {unknown}
 A - a potion of ambrosia {unknown}
Books
 b - a book of Flames

   Spells                             Type                      Level
   a - Flame Tongue                   Conjuration/Fire             1
   b - Throw Flame                    Conjuration/Fire             2
   c - Conjure Flame                  Conjuration/Fire             3
   d - Inner Flame                    Hexes/Fire                   3
   e - Sticky Flame                   Conjuration/Fire             4
   f - Fireball                       Conjuration/Fire             5
Comestibles
 c - a meat ration
 g - 3 beef jerkies
 k - 3 slices of pizza
 n - a chunk of flesh


   Skills:
 - Level 2.4 Dodging
 - Level 2.6 Stealth
 * Level 5.8 Spellcasting
 * Level 2.8 Conjurations
 * Level 6.3 Fire Magic


You had 8 spell levels left.
You knew the following spells:

 Your Spells              Type           Power        Failure   Level  Hunger
a - Flame Tongue          Conj/Fire      ###..        1%          1    None
b - Throw Flame           Conj/Fire      ###...       3%          2    #......
c - Conjure Flame         Conj/Fire      ###.....     10%         3    ###....
d - Sticky Flame          Conj/Fire      ###.....     24%         4    ####...


Dungeon Overview and Level Annotations

Branches:
Dungeon (4/15)
 Temple: D:4-7

Altars:

Annotations:
D:4 Dowan


Innate Abilities, Weirdness & Mutations

You are small and have problems with some larger weapons.
You are carnivorous and can eat meat at any time.


Message History

You hit Duvessa.
Duvessa is almost dead.
Duvessa burns!
You kill Duvessa!
Dowan screams, "No!
Oh no!"
Dowan seems to find hidden reserves of power!
Dowan casts a spell at you. The shard of ice hits you!
* * * LOW HITPOINT WARNING * * *
Casting: Sticky Flame
Confirm with . or Enter, or press ? or * to list all spells.
Aiming: Sticky Flame
Press: ? - help, Shift-Dir - straight line, f - Dowan
Aim: Dowan, wielding a dagger and wearing a robe (fast)
The sticky flame hits Dowan.
Dowan is lightly wounded.
Dowan is covered in liquid flames!
Dowan burns!
Dowan casts a spell at you. The stone arrow hits you!
You die...

#.......# #.
#....e... #.
#.......#
#.####.........
#.....#..o.....
$. #...)....# #
#. #.#÷#.#
≈...##.###...#
#....@e)..##
≈.?.##.###.## .
... #.# ####
#.# #.# ##.##
#####...######
#............#
#.###...####.#


You could see Dowan (burning).

Vanquished Creatures
  The ghost of Snowbuddha the Covert, an amateur OpAs (D:3)
  Sigmund (D:3)
  Duvessa (D:4)
  A phantom (D:4)
  A giant frog (D:3)
  An orc wizard (D:4)
  Ijyb (D:2)
  A worker ant (D:3)
  4 gnolls (D:3)
  8 adders
  2 oozes
  2 worms (D:3)
  3 giant geckos
  4 orcs (D:4)
  5 giant cockroaches
  8 hobgoblins
  4 jackals (D:3)
  11 kobolds
  7 quokkas
  7 bats
  A giant newt (D:1)
  4 goblins
  4 rats
82 creatures vanquished.

Notes
Turn   | Place    | Note
--------------------------------------------------------------
     0 | D:1      | Whisper the Kobold Fire Elementalist began the quest for the Orb.
     0 | D:1      | Reached XP level 1. HP: 10/10 MP: 3/3
   136 | D:1      | Reached skill level 1 in Conjurations
   239 | D:1      | Reached XP level 2. HP: 15/15 MP: 3/5
   866 | D:1      | Reached XP level 3. HP: 19/19 MP: 3/6
  1112 | D:1      | Learned a level 2 spell: Throw Flame
  1116 | D:1      | Learned a level 3 spell: Conjure Flame
  1400 | D:2      | Reached XP level 4. HP: 24/24 MP: 5/8
  1556 | D:2      | Noticed Ijyb
  1568 | D:2      | Killed Ijyb
  1568 | D:2      | Reached skill level 4 in Fire Magic
  1820 | D:2      | Reached XP level 5. HP: 24/28 MP: 6/9
  1990 | D:3      | Noticed Snowbuddha's ghost (amateur OpAs)
  2027 | D:3      | Killed Snowbuddha's ghost
  2027 | D:3      | Reached skill level 5 in Fire Magic
  2027 | D:3      | Reached XP level 6. HP: 32/32 MP: 0/12
  2385 | D:3      | Reached XP level 7. HP: 33/36 MP: 3/13
  2464 | D:3      | Noticed Sigmund
  2481 | D:3      | Learned a level 4 spell: Sticky Flame
  2511 | D:3      | Killed Sigmund
  2511 | D:3      | Reached skill level 5 in Spellcasting
  2596 | D:3      | Reached skill level 6 in Fire Magic
  3103 | D:4      | Reached XP level 8. HP: 39/41 MP: 5/16
  3168 | D:4      | Noticed Dowan
  3171 | D:4      | Noticed Duvessa
  3211 | D:4      | Killed Duvessa
  3212 | D:4      | Killed from afar by Dowan

Skill      XL: |  1  2  3  4  5  6  7 |
---------------+----------------------+-----
Conjurations   | 1 2 |  2.8
Spellcasting   | 3 4 5 |  5.8
Fire Magic     | 4 5 6 |  6.3
Dodging        | |  2.4
Stealth        | |  2.6

Action                   |  1- 3 |  4- 6 |  7- 9 || total
-------------------------+-------+-------+-------++-------
Melee: Short sword       |       |     4 |       ||     4
       Trident           |       |       |    30 ||    30
 Cast: Flame Tongue      |    46 |    82 |    74 ||   202
       Conjure Flame     |       |     2 |     6 ||     8
       Sticky Flame      |       |       |     4 ||     4
       Throw Flame       |       |       |     3 ||     3
Evoke: Wand              |       |     1 |       ||     1
  Eat: Chunk             |    11 |     3 |     3 ||    17
Armor: Robe              |       |     5 |       ||     5
Dodge: Dodged            |    15 |    28 |    20 ||    63
